 Dungeon Crawl Stone Soup version 0.30-a0-377-g5cb311bc9f (webtiles) character file.

Game seed: 10552633405451533407

56 Decritt the Magician (level 4, -2/33 HPs)
             Began as a Djinni Air Elementalist on Nov 28, 2022.
             Slain by a scorpion (7 damage)
             ... on level 2 of the Dungeon.
             The game lasted 00:04:04 (1574 turns).

Decritt the Magician (Djinni Air Elementalist)      Turns: 1574, Time: 00:04:04

Health: -2/33      AC:  3    Str:  7    XL:     4   Next: 15%
Gold:   185        EV: 12    Int: 18    God:
                   SH:  0    Dex: 14

rFire   + + .      SeeInvis .    d - staff of poison
rCold   x . .      Faith    .    (no shield)
rNeg    . . .      Spirit   .    a - +0 robe
rPois   ∞          Reflect  .    j - +0 helmet
rElec   .          Harm     .    (no cloak)
rCorr   .          Rampage  .    (no gloves)
Will    .....                    (boots unavailable)
Stlth   ++........               (no amulet)
HPRegen 0.25/turn                (no ring)
MPRegen 0.00/turn                (no ring)

@: sluggish, flying, very slow
A: sickness immunity, fire resistance 2, cold vulnerability 1, float, innate
caster, HP casting, extra vitality 1
a: no special abilities


You were on level 2 of the Dungeon.
You visited 1 branch of the dungeon, and saw 2 of its levels.

You collected 185 gold pieces.

Inventory:

Armour
 a - a +0 robe (worn)
 j - a +0 helmet (worn)
Magical Staves
 d - a staff of poison (weapon)
Scrolls
 b - a scroll of enchant armour {unknown}
 c - 3 scrolls of butterflies {unknown}
 g - a scroll of teleportation {unknown}
 k - a scroll of amnesia {unknown}
 l - 2 scrolls of identify {unknown}
 m - a scroll of immolation {unknown}
 n - a scroll of magic mapping {unknown}
Potions
 e - 2 potions of attraction {unknown}
 f - a potion of curing {unknown}
 h - a potion of might {unknown}
 i - a potion of lignification {unknown}


   Skills:
 * Level 2.2 Fighting
 - Level 2.1 Dodging
 - Level 1.5 Stealth
 * Level 3.1 Spellcasting


You couldn't memorise any spells.
You knew the following spells:

 Your Spells              Type           Power      Damage    Failure   Level
a - Sandblast             Erth           28%        2d8       4%          1
b - Airstrike             Air            7%         2d(1-17)  41%         4
c - Shock                 Conj/Air       56%        1d6       4%          1
d - Static Discharge      Conj/Air       28%        2-4/arc   7%          2
e - Swiftness             Air            14%        N/A       13%         3
Your spell library was empty.

Dungeon Overview and Level Annotations

Branches:
Dungeon (2/15)

Altars:


Innate Abilities, Weirdness & Mutations

You are immune to sickness and miasma.
You are immune to poison.
Your flesh is very heat resistant. (rF++)
You are vulnerable to cold. (rC-)
You float through the air rather than walking.
You learn spells naturally, not from books.
Your magical power is your life essence.
You have superior vitality. (+4 MHP)


Message History

The scorpion is lightly wounded.
The scorpion stings you. x2
Casting: Sandblast (safe; 4% risk of failure)
Confirm with . or Enter, or press ? or * to list all spells.
Aiming: Sandblast (safe; 4% risk of failure)
Press: ? - help, Shift-Dir - straight line, f/p - scorpion
Aim: a scorpion (lightly wounded, 82% to hit)
The blast of sand hits the scorpion.
The scorpion is moderately wounded.
The scorpion barely misses you. The scorpion stings you.
Casting: Sandblast (safe; 4% risk of failure)
Confirm with . or Enter, or press ? or * to list all spells.
Aiming: Sandblast (safe; 4% risk of failure)
Press: ? - help, Shift-Dir - straight line, f/p - scorpion
Aim: a scorpion (moderately wounded, 82% to hit)
The blast of sand hits the scorpion but does no damage.
The scorpion is moderately wounded.
The scorpion stings you. The scorpion barely misses you.
Casting: Sandblast (safe; 4% risk of failure)
Confirm with . or Enter, or press ? or * to list all spells.
Aiming: Sandblast (safe; 4% risk of failure)
Press: ? - help, Shift-Dir - straight line, f/p - scorpion
Aim: a scorpion (moderately wounded, 82% to hit)
The blast of sand hits the scorpion but does no damage.
The scorpion is moderately wounded.
The scorpion stings you.
* * * LOW HITPOINT WARNING * * *
The scorpion stings you.
* * * LOW HITPOINT WARNING * * *
Casting: Sandblast (safe; 4% risk of failure)
Confirm with . or Enter, or press ? or * to list all spells.
The spell is quite dangerous to miscast (13% risk of failure)!
Continue anyway?
You feel quick.
* * * LOW HITPOINT WARNING * * *
The scorpion stings you.
* * * LOW HITPOINT WARNING * * *
You start to feel a little slower.
You feel sluggish. The scorpion stings you!
You die...

#####.# #.#..###.## ##... #.#
##.#.## ##.## #... #.# #.....#
##.# #... #.# #.#.#.# ##..# #...
# ##.## #†#...###)#.#####... #
#...# #.#.##[#............ #
##.## #.#.###.##.#.#...... # #.#
##.#.#.....###.)#.... # #.#
#...@..####.#.#...... # #.#
#..#s### ##.#####... # #.#
#.....######.#.....(. # #.#
#............#....... # #.#
#.#...########.>##.## # #.#
#.##.## #..##.# ######.##
#.##.#########..##.##
........#####.##.................
######........#####............#.


You could see a scorpion.

Vanquished Creatures
  A worm (D:2)
  A dart slug (D:1)
  3 bats
  7 endoplasms
  2 giant cockroaches
  A goblin (D:2)
  6 hobgoblins
  4 jackals (D:1)
  9 kobolds
  4 ball pythons
  2 frilled lizards (D:1)
  3 rats (D:2)
43 creatures vanquished.

Notes
Turn   | Place    | Note
-------+----------+-------------------------------------------
     0 | D:1      | Decritt the Djinni Air Elementalist began the quest for the
                  | Orb.
     0 | D:1      | Decritt set off with the following spells memorised: Shock,
                  | Static Discharge, Swiftness, Airstrike.
     0 | D:1      | Reached XP level 1. HP: 15/15 MP: 0/0
   111 | D:1      | Reached XP level 2. HP: 20/22 MP: 0/0
   122 | D:1      | Reached skill level 1 in Fighting
   348 | D:1      | Reached XP level 3. HP: 26/27 MP: 0/0
   348 | D:1      | Learned a level 1 spell: Sandblast
   628 | D:1      | Reached skill level 3 in Spellcasting
  1010 | D:2      | Noticed a scorpion
  1292 | D:2      | Reached XP level 4. HP: 31/33 MP: 0/0
  1556 | D:2      | HP: 1/33 [scorpion (6)]
  1574 | D:2      | Slain by a scorpion

Illustrated notes

Levels and vault maps discovered:
D:1:      zaba_arrival_water, layout_rooms
D:2:      layout_loops_ring, skrybe_limestone_x, minmay_vboxes

Skill      XL: |  1  2  3 |
---------------+----------+-----
Fighting       | 1 2 |  2.2
Spellcasting   | 3 |  3.1
Dodging        | |  2.1
Stealth        | |  1.5

Action                   |  1- 3 |  4- 6 || total
-------------------------+-------+-------++-------
Melee: Unarmed           |     5 |       ||     5
       Staff             |     2 |       ||     2
 Cast: Shock             |    84 |     4 ||    88
       Sandblast         |    14 |    14 ||    28
       Swiftness         |     1 |     1 ||     2
Armor: Robe              |     4 |     2 ||     6
Dodge: Dodged            |    14 |     4 ||    18

Table legend: (Time is in decaauts)
 A = Elapsed time spent in this place.
 B = Non-inter-level travel time spent in this place.
 C = Inter-level travel time spent in this place.
 D = Time resting spent in this place.
 E = Time spent auto-exploring this place.
 F = Levels seen in this place.
 G = Mean time per level.
                   A        B        C        D        E       F      G
               +--------+--------+--------+--------+--------+-----+--------+
         Total |   1582 |   1542 |     40 |    136 |   1126 |   2 |  791.0 |
       Dungeon |   1582 |   1542 |     40 |    136 |   1126 |   2 |  791.0 |
               +--------+--------+--------+--------+--------+-----+--------+

Top non-repeatable levels by time:
     D:2: 815 daAuts
     D:1: 766 daAuts
